TOP OF THE 1ST |
Mississippi Braves batting - Pitching for Colorado (EL) Rockies : LHP Kevin Miozza
|
Pitching: LHP Kevin Miozza
|
|
Batting: RHB Edgar Castillo
|
0-0: Ball 1-0: Ball 2-0: Ball 3-0: Foul Ball, location: 2F 3-1: Base on Balls
|
Batting: LHB Mark Buchholz
|
0-0: Foul Ball, location: 2F 0-1: Hit by Pitch Edgar Castillo to second
|
Batting: RHB Jack Power
|
0-0: Grounds into double play, 6-4-3 (Groundball, 56D, EV 84.4 MPH) Edgar Castillo to third
|
Batting: RHB Justin McQuarter
|
0-0: Foul Ball, location: 2F 0-1: Called Strike 0-2: Ball 1-2: Ball 2-2: Strikes out swinging
|
Top of the 1st over - 0 runs, 0 hits, 0 errors, 1 left on base; Mississippi 0 - Colorado (EL) 0 |
BOTTOM OF THE 1ST |
Colorado (EL) Rockies batting - Pitching for Mississippi Braves : RHP Phil Sell
|
Pitching: RHP Phil Sell
|
|
Batting: SHB Eddie Quinones
|
0-0: Ball 1-0: Called Strike 1-1: Ball 2-1: Swinging Strike 2-2: SOLO HOME RUN (Line Drive, 9LD, EV 95.0 MPH), Distance : 345 ft
|
Batting: LHB Eric Ludwig
|
0-0: Ball 1-0: Ball 2-0: Ball 3-0: Base on Balls
|
Batting: SHB Chris Besselman
|
0-0: Called Strike 0-1: Called Strike 0-2: Ball 1-2: Foul Ball, location: 2F 1-2: Ball 2-2: SINGLE (Groundball, 4D, EV 108.1 MPH) Eric Ludwig to second Runner from 2nd tries for 3rd, OUT! 8-5
|
Batting: LHB Koson Hirai
|
0-0: Called Strike 0-1: Fly out, F8 (Flyball, 78D, EV 98.8 MPH)
|
Batting: RHB Eric Delgado
|
0-0: Ball 1-0: SINGLE (Flyball, 78S, EV 87.5 MPH) Chris Besselman to second
|
Batting: SHB Patrick Kimmel
|
0-0: Called Strike 0-1: DOUBLE (Groundball, 3L, EV 97.5 MPH) Chris Besselman scores Eric Delgado to third
|
Batting: RHB Craig Gomez
|
0-0: Called Strike 0-1: Called Strike 0-2: Ball 1-2: Fly out, F4 (Flyball, 34D, EV 81.9 MPH)
|
Bottom of the 1st over - 2 runs, 4 hits, 0 errors, 2 left on base; Mississippi 0 - Colorado (EL) 2 |
TOP OF THE 2ND |
Mississippi Braves batting - Pitching for Colorado (EL) Rockies : LHP Kevin Miozza
|
Batting: RHB Riley Nasiir
|
0-0: Called Strike 0-1: Foul Ball, location: 2F 0-2: SINGLE (Groundball, 6MD, EV 100.6 MPH)
|
Batting: RHB Sung-hwan Jung
|
0-0: Called Strike 0-1: Ball 1-1: Ball 2-1: Foul Ball, location: 2F 2-2: Ball 3-2: Foul Ball, location: 2F 3-2: Fly out, F9 (Flyball, 9S, EV 83.8 MPH)
|
Batting: RHB Alex Velasquez
|
0-0: Called Strike 0-1: Ball 1-1: Ball 2-1: Called Strike Riley Nasiir steals 2nd, throwing error, E2 Riley Nasiir to third 2-2: Fly out, F9 (Line Drive, 9S, EV 104.4 MPH)
|
Batting: LHB Jose Chinchilla
|
0-0: SINGLE (Line Drive, 8LS, EV 92.5 MPH) Riley Nasiir scores
|
Batting: LHB Jon Burgos
|
0-0: Ball 1-0: Ball 2-0: Foul Ball, location: 2F 2-1: Ball 3-1: Reached on error, E3 (Line Drive, 3, EV 72.5 MPH) Jose Chinchilla to second
|
Batting: RHB Edgar Castillo
|
0-0: Called Strike 0-1: Called Strike 0-2: Strikes out swinging
|
Top of the 2nd over - 1 run, 2 hits, 2 errors, 2 left on base; Mississippi 1 - Colorado (EL) 2 |
BOTTOM OF THE 2ND |
Colorado (EL) Rockies batting - Pitching for Mississippi Braves : RHP Phil Sell
|
Batting: RHB Jerry Edmiston
|
0-0: Fly out, F7 (Flyball, 7S, EV 93.1 MPH)
|
Batting: RHB Steve Waltenbery
|
0-0: Called Strike 0-1: SINGLE (Line Drive, 9LM, EV 110.0 MPH)
|
Batting: SHB Eddie Quinones
|
0-0: Ball 1-0: Fly out, F9 (Line Drive, 9D, EV 89.4 MPH)
|
Batting: LHB Eric Ludwig
|
0-0: Called Strike 0-1: Ball 1-1: SINGLE (Groundball, 23, EV 73.1 MPH) (infield hit) Steve Waltenbery to second
|
Batting: SHB Chris Besselman
|
0-0: Foul Ball, location: 2F 0-1: Ball 1-1: Ball 2-1: SINGLE (Line Drive, 78M, EV 108.8 MPH) Steve Waltenbery to third Eric Ludwig to second Runner from 3rd tries for Home, SAFE, throw by LF to home
|
Batting: LHB Koson Hirai
|
0-0: Called Strike 0-1: Ground out 5-3 (Groundball, 56S, EV 82.5 MPH)
|
Bottom of the 2nd over - 1 run, 3 hits, 0 errors, 2 left on base; Mississippi 1 - Colorado (EL) 3 |
TOP OF THE 3RD |
Mississippi Braves batting - Pitching for Colorado (EL) Rockies : LHP Kevin Miozza
|
Batting: LHB Mark Buchholz
|
0-0: Foul Ball, location: 2F 0-1: Ground out 5-3 (Groundball, 56, EV 83.8 MPH)
|
Batting: RHB Jack Power
|
0-0: SOLO HOME RUN (Flyball, 8LXD, EV 109.4 MPH), Distance : 430 ft
|
Batting: RHB Justin McQuarter
|
0-0: Ground out 5-3 (Groundball, 5L, EV 90.0 MPH)
|
Batting: RHB Riley Nasiir
|
0-0: Ball 1-0: Called Strike 1-1: Ball 2-1: Ground out 6-3 (Groundball, 4M, EV 82.5 MPH)
|
Top of the 3rd over - 1 run, 1 hit, 0 errors, 0 left on base; Mississippi 2 - Colorado (EL) 3 |
BOTTOM OF THE 3RD |
Colorado (EL) Rockies batting - Pitching for Mississippi Braves : RHP Phil Sell
|
Batting: RHB Eric Delgado
|
0-0: Called Strike 0-1: Swinging Strike 0-2: Ball 1-2: Strikes out swinging
|
Batting: SHB Patrick Kimmel
|
0-0: Ball 1-0: Called Strike 1-1: Foul Ball, location: 2F 1-2: Ball 2-2: Strikes out swinging
|
Batting: RHB Craig Gomez
|
0-0: Ball 1-0: Ball 2-0: Ground out 6-3 (Groundball, 6, EV 103.8 MPH)
|
Bottom of the 3rd over - 0 runs, 0 hits, 0 errors, 0 left on base; Mississippi 2 - Colorado (EL) 3 |
TOP OF THE 4TH |
Mississippi Braves batting - Pitching for Colorado (EL) Rockies : LHP Kevin Miozza
|
Batting: RHB Sung-hwan Jung
|
0-0: Swinging Strike 0-1: Ball 1-1: Swinging Strike 1-2: Ball 2-2: Strikes out looking
|
Batting: RHB Alex Velasquez
|
0-0: Foul Ball, location: 2F 0-1: Called Strike 0-2: Foul Ball, location: 2F 0-2: Ground out 5-3 (Groundball, 56, EV 80.6 MPH)
|
Batting: LHB Jose Chinchilla
|
0-0: Ball 1-0: Foul Ball, location: 2F 1-1: Ball 2-1: Ground out U3 (Groundball, 3, EV 86.9 MPH)
|
Top of the 4th over - 0 runs, 0 hits, 0 errors, 0 left on base; Mississippi 2 - Colorado (EL) 3 |
BOTTOM OF THE 4TH |
Colorado (EL) Rockies batting - Pitching for Mississippi Braves : RHP Phil Sell
|
Batting: RHB Jerry Edmiston
|
0-0: Foul Ball, location: 2F 0-1: Foul Ball, location: 2F 0-2: Strikes out swinging
|
Batting: RHB Steve Waltenbery
|
0-0: Called Strike 0-1: Ball 1-1: Foul Ball, location: 2F 1-2: Ball 2-2: Strikes out swinging
|
Batting: SHB Eddie Quinones
|
0-0: Ball 1-0: Ball 2-0: Foul Ball, location: 2F 2-1: Foul Ball, location: 2F 2-2: Foul Ball, location: 2F 2-2: Ball 3-2: Foul Ball, location: 2F 3-2: SINGLE (Groundball, 6MD, EV 109.4 MPH)
|
Batting: LHB Eric Ludwig
|
0-0: Ball 1-0: SINGLE (Groundball, 34D, EV 94.4 MPH) Eddie Quinones to second Runner from 2nd tries for 3rd, SAFE, throw by RF made to third
|
Batting: SHB Chris Besselman
|
0-0: Called Strike 0-1: Ground out 6-3 (Groundball, 6MS, EV 70.6 MPH)
|
Bottom of the 4th over - 0 runs, 2 hits, 0 errors, 2 left on base; Mississippi 2 - Colorado (EL) 3 |
TOP OF THE 5TH |
Mississippi Braves batting - Pitching for Colorado (EL) Rockies : LHP Kevin Miozza
|
Batting: LHB Jon Burgos
|
0-0: Ground out 1-3 (Groundball, 13S, EV 66.9 MPH)
|
Batting: RHB Edgar Castillo
|
0-0: Called Strike 0-1: Swinging Strike 0-2: Ball 1-2: Strikes out swinging
|
Batting: LHB Mark Buchholz
|
0-0: Foul Ball, location: 2F 0-1: Called Strike 0-2: Strikes out swinging
|
Top of the 5th over - 0 runs, 0 hits, 0 errors, 0 left on base; Mississippi 2 - Colorado (EL) 3 |
BOTTOM OF THE 5TH |
Colorado (EL) Rockies batting - Pitching for Mississippi Braves : RHP Phil Sell
|
Batting: LHB Koson Hirai
|
0-0: Swinging Strike 0-1: Foul Ball, location: 2F 0-2: Foul Ball, location: 2F 0-2: Strikes out looking
|
Batting: RHB Eric Delgado
|
0-0: Ball 1-0: Ball 2-0: Called Strike 2-1: Ball 3-1: Base on Balls
|
Batting: SHB Patrick Kimmel
|
0-0: Called Strike 0-1: Ball 1-1: SINGLE (Line Drive, 6M, EV 95.0 MPH) Eric Delgado to second
|
Batting: RHB Craig Gomez
|
0-0: Foul Ball, location: 2F 0-1: Swinging Strike 0-2: Strikes out swinging
|
Batting: RHB Jerry Edmiston
|
0-0: Ball Wild Pitch! Eric Delgado to third Patrick Kimmel to second 1-0: Ball 2-0: Called Strike 2-1: Ball 3-1: Called Strike 3-2: SINGLE (Groundball, 4D, EV 100.0 MPH) Eric Delgado scores Patrick Kimmel to third Runner from 3rd tries for Home, SAFE, throw by RF to home
|
Pitching: RHP Marvin Velasco
|
|
Batting: RHB Steve Waltenbery
|
0-0: Fielders Choice at 2nd, 6-4 (Groundball, 6, EV 78.8 MPH)
|
Bottom of the 5th over - 2 runs, 2 hits, 0 errors, 1 left on base; Mississippi 2 - Colorado (EL) 5 |
TOP OF THE 6TH |
Mississippi Braves batting - Pitching for Colorado (EL) Rockies : LHP Kevin Miozza
|
Batting: RHB Jack Power
|
0-0: Ball 1-0: Ball 2-0: Foul Ball, location: 2F 2-1: Swinging Strike 2-2: Ball 3-2: Ground out 6-3 (Groundball, 56, EV 86.9 MPH)
|
Batting: RHB Justin McQuarter
|
0-0: Ball 1-0: Ball 2-0: Fly out, F9 (Flyball, 89XD, EV 91.2 MPH)
|
Batting: RHB Riley Nasiir
|
0-0: Ball 1-0: Called Strike 1-1: Ball 2-1: Swinging Strike 2-2: Strikes out swinging
|
Top of the 6th over - 0 runs, 0 hits, 0 errors, 0 left on base; Mississippi 2 - Colorado (EL) 5 |
BOTTOM OF THE 6TH |
Colorado (EL) Rockies batting - Pitching for Mississippi Braves : RHP Marvin Velasco
|
Batting: SHB Eddie Quinones
|
0-0: Called Strike 0-1: Ball 1-1: Ball 2-1: Ball 3-1: Base on Balls
|
Batting: LHB Eric Ludwig
|
0-0: Ball 1-0: Fly out, F8 (Flyball, 78D, EV 100.6 MPH)
|
Batting: SHB Chris Besselman
|
0-0: Ball 1-0: Ball 2-0: Called Strike 2-1: Fly out, F8 (Flyball, 89M, EV 88.8 MPH)
|
Batting: LHB Koson Hirai
|
0-0: Swinging Strike 0-1: Fly out, F5 (Popup, 5SF, EV 79.4 MPH)
|
Bottom of the 6th over - 0 runs, 0 hits, 0 errors, 1 left on base; Mississippi 2 - Colorado (EL) 5 |
TOP OF THE 7TH |
Mississippi Braves batting - Pitching for Colorado (EL) Rockies : LHP Kevin Miozza
|
Batting: RHB Sung-hwan Jung
|
0-0: Ball 1-0: Ball 2-0: Ball 3-0: Foul Ball, location: 2F 3-1: Called Strike 3-2: Foul Ball, location: 2F 3-2: Strikes out looking
|
Batting: RHB Alex Velasquez
|
0-0: Called Strike 0-1: SINGLE (Groundball, 4MD, EV 100.0 MPH)
|
Batting: LHB Jose Chinchilla
|
0-0: Ball 1-0: Called Strike 1-1: Ball 2-1: Ball 3-1: SINGLE (Groundball, 6M, EV 85.0 MPH) (infield hit) Alex Velasquez to second
|
Batting: LHB Jon Burgos
|
0-0: Ball 1-0: Ball 2-0: Ball 3-0: Called Strike 3-1: Grounds into double play, 4-6-3 (Groundball, 4, EV 84.4 MPH)
|
Top of the 7th over - 0 runs, 2 hits, 0 errors, 1 left on base; Mississippi 2 - Colorado (EL) 5 |
BOTTOM OF THE 7TH |
Colorado (EL) Rockies batting - Pitching for Mississippi Braves : RHP Marvin Velasco
|
Batting: RHB Eric Delgado
|
0-0: SINGLE (Line Drive, 89S, EV 88.8 MPH)
|
Batting: SHB Patrick Kimmel
|
0-0: Grounds into double play, 4-6-3 (Groundball, 4, EV 91.2 MPH)
|
Batting: RHB Craig Gomez
|
0-0: Called Strike 0-1: Ground out 5-3 (Groundball, 56, EV 96.9 MPH)
|
Bottom of the 7th over - 0 runs, 1 hit, 0 errors, 0 left on base; Mississippi 2 - Colorado (EL) 5 |
TOP OF THE 8TH |
Mississippi Braves batting - Pitching for Colorado (EL) Rockies : LHP Kevin Miozza
|
Batting: RHB Edgar Castillo
|
0-0: Foul Ball, location: 2F 0-1: Ground out 6-3 (Groundball, 6, EV 83.8 MPH)
|
Pitching: RHP Willie Lasso
|
|
Batting: LHB Mark Buchholz
|
0-0: Ball 1-0: Ball 2-0: Called Strike 2-1: Fly out, F7 (Flyball, 7D, EV 104.4 MPH)
|
Batting: RHB Jack Power
|
0-0: Ball 1-0: Ball 2-0: Ball 3-0: Called Strike 3-1: Base on Balls
|
Batting: RHB Justin McQuarter
|
0-0: Foul Ball, location: 2F 0-1: Ball 1-1: Ball 2-1: Swinging Strike 2-2: Ball 3-2: Strikes out swinging
|
Top of the 8th over - 0 runs, 0 hits, 0 errors, 1 left on base; Mississippi 2 - Colorado (EL) 5 |
BOTTOM OF THE 8TH |
Colorado (EL) Rockies batting - Pitching for Mississippi Braves : RHP Marvin Velasco
|
Pitching: RHP Andy Kiefer
|
|
Batting: RHB Jerry Edmiston
|
0-0: Reached on error, E1 (Groundball, 13S, EV 66.2 MPH)
|
Batting: RHB Steve Waltenbery
|
0-0: SINGLE (Groundball, 6M, EV 108.8 MPH) Jerry Edmiston to third
|
Batting: SHB Eddie Quinones
|
0-0: Ball 1-0: Called Strike 1-1: Ball 2-1: Called Strike 2-2: Foul Ball, location: 2F 2-2: Ball 3-2: Foul Ball, location: 2F 3-2: Foul Ball, location: 2F 3-2: Base on Balls Steve Waltenbery to second
|
Batting: LHB Eric Ludwig
|
0-0: Ball 1-0: Foul Ball, location: 2F 1-1: Ball 2-1: SINGLE (Groundball, 4MD, EV 115.6 MPH) Jerry Edmiston scores Steve Waltenbery to third Eddie Quinones to second
|
Batting: SHB Chris Besselman
|
0-0: Swinging Strike 0-1: Ball 1-1: Swinging Strike 1-2: Ball 2-2: Foul Ball, location: 2F 2-2: Ball 3-2: Base on Balls Steve Waltenbery scores Eddie Quinones to third Eric Ludwig to second
|
Batting: LHB Koson Hirai
|
0-0: Ball 1-0: Ball 2-0: Swinging Strike 2-1: Ball 3-1: Swinging Strike 3-2: Strikes out swinging
|
Pitching: RHP Matt Peck
|
|
Batting: RHB Eric Delgado
|
0-0: Ball 1-0: Swinging Strike 1-1: Ball 2-1: SINGLE (Line Drive, 56D, EV 107.5 MPH) Eddie Quinones scores Eric Ludwig to third Chris Besselman to second
|
Batting: SHB Patrick Kimmel
|
0-0: Called Strike 0-1: Called Strike 0-2: Foul Ball, location: 2F 0-2: Fielders Choice at 2nd, 6-4 (Groundball, 56, EV 105.6 MPH) Eric Ludwig scores Chris Besselman to third
|
Batting: RHB Craig Gomez
|
0-0: Foul Ball, location: 2F 0-1: Ball 1-1: Ball 2-1: Called Strike 2-2: SINGLE (Groundball, 6MD, EV 94.4 MPH) Chris Besselman scores Patrick Kimmel to second
|
Batting: RHB Jerry Edmiston
|
0-0: Ball 1-0: Foul Ball, location: 2F 1-1: Swinging Strike 1-2: Strikes out swinging
|
Bottom of the 8th over - 5 runs, 4 hits, 1 error, 2 left on base; Mississippi 2 - Colorado (EL) 10 |
TOP OF THE 9TH |
Mississippi Braves batting - Pitching for Colorado (EL) Rockies : RHP Willie Lasso
|
Batting: RHB Riley Nasiir
|
0-0: Ball 1-0: Ground out 6-3 (Groundball, 6, EV 90.6 MPH)
|
Batting: RHB Sung-hwan Jung
|
0-0: Foul Ball, location: 2F 0-1: Swinging Strike 0-2: Strikes out swinging
|
Batting: RHB Alex Velasquez
|
0-0: Ball 1-0: Swinging Strike 1-1: Ground out 5-3 (Groundball, 56S, EV 83.8 MPH)
|
Top of the 9th over - 0 runs, 0 hits, 0 errors, 0 left on base; Mississippi 2 - Colorado (EL) 10 |
|